 Dungeon Crawl Stone Soup version 0.21-a0-518-g43a1781 (webtiles) character file.

25 mortelune the Firebug (level 2, 0/20 HPs)
             Began as a Draconian Fire Elementalist on Dec 4, 2017.
             Slain by Terence
             ... wielding a +0 hand axe
              (4 damage)
             ... on level 2 of the Dungeon.
             The game lasted 00:05:59 (2054 turns).

mortelune the Firebug (Draconian Fire Elementalist) Turns: 2054, Time: 00:06:00

Health: 0/20       AC:  4    Str: 10    XL:     2   Next: 86%
Magic:  0/5        EV: 12    Int: 15    God:
Gold:   70         SH:  0    Dex: 11    Spells: 2/5 levels left

rFire    . . .     SeeInvis .   e - +0 dagger
rCold    . . .     Gourm    .   (no shield)
rNeg     . . .     Faith    .   (armour unavailable)
rPois    .         Spirit   .   (helmet restricted)
rElec    .         Reflect  .   (no cloak)
rCorr    .         Harm     .   (no gloves)
MR       .....                  (no boots)
Stlth    ++........             (no amulet)
HPRegen  0.06/turn              (no ring)
MPRegen  0.09/turn              (no ring)

@: no status effects
A: unfitting armour, cold-blooded, AC +4
a: no special abilities


You were on level 2 of the Dungeon.
You were not hungry.

You visited 1 branch of the dungeon, and saw 2 of its levels.

You collected 70 gold pieces.

Inventory:

Hand Weapons
 e - a +0 dagger (weapon)
Missiles
 d - 5 tomahawks (quivered)
Armour
 j - a +0 helmet
Scrolls
 c - 2 scrolls of blinking {unknown}
 f - a scroll of fog {unknown}
 g - a scroll of fear {unknown}
 i - a scroll of teleportation {unknown}
Potions
 h - a potion of curing {unknown}
Books
 a - a book of Flames

   Spells                             Type                      Level
   a - Flame Tongue                   Conjuration/Fire             1
   b - Throw Flame                    Conjuration/Fire             2
   c - Conjure Flame                  Conjuration/Fire             3
   d - Inner Flame                    Hexes/Fire                   3
   e - Sticky Flame                   Conjuration/Fire             4
   f - Fireball                       Conjuration/Fire             5
Comestibles
 b - a bread ration


   Skills:
 - Level 1.7 Dodging
 - Level 1.7 Stealth
 + Level 2.4 Spellcasting
 + Level 1.7 Conjurations
 + Level 3.4 Fire Magic


You had 2 spell levels left.
You knew the following spells:

 Your Spells              Type           Power        Failure   Level  Hunger
a - Flame Tongue          Conj/Fire      #....        8%          1    #......
b - Throw Flame           Conj/Fire      #.....       11%         2    ###....


Dungeon Overview and Level Annotations

Branches:
Dungeon (2/15)

Altars:

Annotations:
D:2 Terence


Innate Abilities, Weirdness & Mutations

Your plain brown scales are hard. (AC +4)
You cannot fit into any form of body armour.
You are cold-blooded and may be slowed by cold attacks.


Message History

Terence is heavily wounded.
Terence hits you with a hand axe.
Your magical contamination has completely faded away.
Casting: Flame Tongue
Confirm with . or Enter, or press ? or * to list all spells.
Aiming: Flame Tongue
Press: ? - help, Shift-Dir - straight line, f/p - Terence
Aim: Terence, wielding a hand axe and wearing a chain mail (heavily wounded)
The flame tongue hits Terence.
Terence appears unharmed.
Terence is heavily wounded.
Casting: Flame Tongue
Confirm with . or Enter, or press ? or * to list all spells.
Aiming: Flame Tongue
Press: ? - help, Shift-Dir - straight line, f/p - Terence
Aim: Terence, wielding a hand axe and wearing a chain mail (heavily wounded)
The flame tongue misses Terence.
Terence hits you with a hand axe!
* * * LOW HITPOINT WARNING * * *
There is a stone staircase leading up here.
Terence hits you with a hand axe.
You die...

.[.....##.#.##.###
..........#.##...#
####...#.#.##...#
##..#.#......#
#...#.######## #
#.#.#.##
....###......#
.........@...#
....####@....# ..
####..# ...# .>...
.#####


You could see Terence.

Vanquished Creatures
  A ball python (D:1)
  3 bats (D:1)
  4 giant cockroaches
  2 goblins (D:1)
  4 hobgoblins (D:1)
  4 frilled lizards (D:1)
  2 kobolds (D:1)
  6 rats
26 creatures vanquished.

Notes
Turn   | Place    | Note
-------+----------+-------------------------------------------
     0 | D:1      | mortelune the Draconian Fire Elementalist began the quest for the Orb.
     0 | D:1      | Reached XP level 1. HP: 14/14 MP: 3/3
   321 | D:1      | Reached XP level 2. HP: 20/20 MP: 1/5
   327 | D:1      | Learned a level 2 spell: Throw Flame
  2022 | D:2      | Noticed Terence
  2054 | D:2      | Slain by Terence

Vault maps used:
D:1:      minmay_arrival_doors, nrook_mini_backslash, minmay_unequal
D:2:      first_bread, uniq_terence

Action                   || total
-------------------------++-------
Melee: Unarmed           ||    31
       Tailslap          ||     2
       Dagger            ||    13
 Cast: Flame Tongue      ||    35
       Throw Flame       ||     1
 Stab: Sleeping          ||     1
  Eat: Chunk             ||     4
Armor: Skin              ||    28
Dodge: Dodged            ||    69

Table legend:
 A = Spawn XP
 B = Non-spawn XP
 C = Spawn XP percentage of total XP
 D = Spawn monster count
 E = Non-spawn monster count
 F = Spawn count percentage of total count
 G = Total turns spent on level
                    A         B        C        D         E        F      G
               +---------+---------+-------+---------+---------+-------+---------
         Total |       0 |      37 |   0.0 |       0 |      26 |   0.0 |  2054
               +---------+---------+-------+---------+---------+-------+---------
           D:1 |       0 |      34 |   0.0 |       0 |      24 |   0.0 |  1858
           D:2 |       0 |       3 |   0.0 |       0 |       2 |   0.0 |   196
               +---------+---------+-------+---------+---------+-------+---------
